 Dungeon Crawl Stone Soup version 0.31-a0-152-g6aa68a64a1 (webtiles) character file.

Game seed: 6829383196822971870

37 AiryTheDragon the Magician (level 3, -1/24 HPs)
             Began as a Demonspawn Hedge Wizard on June 11, 2023.
             Slain by an iguana (5 damage)
             ... on level 4 of the Dungeon.
             The game lasted 00:14:22 (2176 turns).

AiryTheDragon the Magician (DsHW)                   Turns: 2176, Time: 00:14:23

Health: -1/24      AC:  8    Str: 10    XL:     3   Next: 21%
Magic:  7/8        EV: 10    Int: 15    God:
Gold:   125        SH:  5    Dex: 14    Spells: 0/9 levels left

rFire   . . .        i - +0 short sword
rCold   . . .        (no shield)
rNeg    . . .        l - +3 ring mail
rPois   .            c - +0 hat
rElec   .            (no cloak)
rCorr   .            (no gloves)
SInv    .            (no boots)
Will    +....        a - amulet of reflection
Stlth   +            (no ring)
HPRegen 0.24/turn    (no ring)
MPRegen 0.11/turn

%: reflection
@: enlightened, flying
A: claws 2, weakness stinger 1, horns 1
a: no special abilities


You were on level 4 of the Dungeon.
You visited 1 branch of the dungeon, and saw 4 of its levels.

You collected 125 gold pieces.

Inventory:

Hand Weapons
 i - a +0 short sword (weapon)
Armour
 c - a +0 hat (worn)
 l - a +3 ring mail (worn)
Jewellery
 a - an amulet of reflection (around neck)
Scrolls
 b - a scroll of silence
 e - a scroll of blinking {unknown}
 g - a scroll of fear
 j - a scroll of torment
 k - a scroll of poison {unknown}
 m - a scroll of teleportation {unknown}
Potions
 d - a potion of magic
 h - 2 potions of enlightenment
 n - a potion of curing


   Skills:
 + Level 1.9 Dodging
 + Level 2.1 Stealth
 + Level 3.6 Spellcasting
 + Level 1.4 Conjurations
 * Level 1.2 Summonings
 * Level 1.1 Translocations


You couldn't memorise any spells.
You knew the following spells:

 Your Spells              Type           Power      Damage    Failure   Level
a - Magic Dart            Conj           28%        1d4       26%         1
b - Call Imp              Summ           12%        N/A       41%         2
c - Blink                 Tloc           12%        N/A       41%         2
d - Mephitic Cloud        Conj/Pois/Air  4%         N/A       77%         3
e - Slow                  Hex            8%         N/A       45%         1

Your spell library contained the following spells:

 Spells                   Type           Power      Damage    Failure   Level
 Cigotuvi's Dreadful Rot  Necr/Pois/Air  4%         N/A       58%         2


Dungeon Overview and Level Annotations

Branches:
Dungeon (3/15)

Altars:


Innate Abilities, Weirdness & Mutations

You have very sharp fingernails.
You have a small tail.
You have a pair of small horns on your head.


Message History

You barely miss the iguana.
The iguana is heavily wounded.
The iguana bites you!
* * * LOW HITPOINT WARNING * * *
As you read the scroll labelled CORENY HAMIUL, it crumbles to dust.
It is a scroll of identify.
g - 2 scrolls of fear The iguana barely misses you.
As you read the scroll of fear, it crumbles to dust.
You assume a fearsome visage.
The iguana looks frightened!
As you read the scroll of identify, it crumbles to dust.
e - a potion of mutation
As you read the scroll of identify, it crumbles to dust.
n - a potion of curing Really quaff the potion of mutation?
You feel extremely strange. A pair of horns grows on your head!
Your fingernails sharpen.
Unknown command.
As you read the scroll of identify, it crumbles to dust.
j - a scroll of torment
As you read the scroll of identify, it crumbles to dust.
b - a scroll of silence A jackal comes into view.
e - a scroll labelled JEXETEI CETH
There are no items here.
An orc and an orc wizard come into view.
The orc shouts!
The orc wizard shouts!
An orc comes into view. It is wielding a +0 short sword.
An orc comes into view. It is wielding a +0 falchion.
You hear a shout!
The orc wizard mumbles some strange words.
The orc wizard flickers and vanishes!
Deactivating autopickup; reactivate with Ctrl-A.
You hear a shout!
The iguana bites you!
* * * LOW HITPOINT WARNING * * *
The iguana attacks as you move away! The iguana barely misses you.
Found a scroll of identify.
Found a stone staircase leading up.
The iguana attacks as you move away! The iguana bites you.
You die...

.<###.. ... ..#.... ...
.....?. #.. .......
.#... .......
.....###.....
..........# .......@##
..#....l.# #......###
####
...........######..###
.............##......#
..............#......##
........####..#.......##
.#..........o...........
#.............#.......#


You could see an iguana and an orc.

Vanquished Creatures
  A worm (D:2)
  A dart slug (D:1)
  4 ball pythons
  4 bats
  3 endoplasms
  4 goblins
  4 hobgoblins (D:1)
  2 kobolds (D:1)
  A quokka (D:1)
  A frilled lizard (D:1)
  2 rats
27 creatures vanquished.

Notes
Turn   | Place    | Note
-------+----------+-------------------------------------------
     0 | D:1      | AiryTheDragon the Demonspawn Hedge Wizard began the quest
                  | for the Orb.
     0 | D:1      | Reached XP level 1. HP: 13/13 MP: 4/4
   173 | D:1      | Discovered your monstrous ancestry.
   173 | D:1      | Gained mutation: You have a small tail. [demonic ancestry]
   173 | D:1      | Reached XP level 2. HP: 19/19 MP: 1/6
   369 | D:1      | Learned a level 2 spell: Call Imp
   372 | D:1      | Learned a level 2 spell: Blink
  1174 | D:2      | Reached skill level 1 in Translocations
  1362 | D:2      | Gained mutation: You have sharp fingernails. [demonic
                  | ancestry]
  1362 | D:2      | Reached XP level 3. HP: 24/24 MP: 8/8
  2123 | D:2      | Learned a level 3 spell: Mephitic Cloud
  2125 | D:2      | Learned a level 1 spell: Slow
  2126 | D:3      | You fall into a shaft and drop 1 floor!
  2152 | D:4      | Gained mutation: You have a pair of small horns on your
                  | head. [potion of mutation]
  2152 | D:4      | Gained mutation: You have very sharp fingernails. [potion
                  | of mutation]
  2176 | D:4      | Slain by an iguana

Illustrated notes

Levels and vault maps discovered:
D:1:      dpeg_arrival_shrine, layout_loops_corners, minmay_tripent
D:2:      layout_loops_corners, dk_noncrumbling_3, amcnicky_mini_pool_small
D:3:      layout_basic, kennysheep_big_empty_room, corexii_shack,
          feat_on_display
D:4:      layout_cave_pools, nicolae_ru_the_path_less_chosen, temple_fountains,
          uniq_ijyb

Skill      XL: |  1  2 |
---------------+-------+-----
Stealth        | 2 |  2.1
Translocations | 1 |  1.1
Dodging        | |  1.9
Spellcasting   | |  3.6
Conjurations   | |  1.4
Summonings     | |  1.2

Action                     || total
---------------------------++-------
  Melee: Dagger            ||    41
         Short sword       ||    37
         Tailslap          ||    12
         Punch             ||     1
   Cast: Magic Dart        ||    27
    Use: Scroll            ||     6
         Potion            ||     2
   Stab: Sleeping          ||     4
 Armour: Robe              ||     6
         Leather armour    ||     2
         Ring mail         ||     3
  Dodge: Dodged            ||    34
  Block: Other             ||     6

Table legend: (Time is in decaauts)
 A = Elapsed time spent in this place.
 B = Non-inter-level travel time spent in this place.
 C = Inter-level travel time spent in this place.
 D = Time resting spent in this place.
 E = Time spent auto-exploring this place.
 F = Levels seen in this place.
 G = Mean time per level.
                   A        B        C        D        E       F      G
               +--------+--------+--------+--------+--------+-----+--------+
         Total |   2175 |   2127 |     48 |      0 |   1812 |   4 |  543.8 |
       Dungeon |   2175 |   2127 |     48 |      0 |   1812 |   4 |  543.8 |
               +--------+--------+--------+--------+--------+-----+--------+

Top non-repeatable levels by time:
     D:1: 1151 daAuts
     D:2: 974 daAuts
     D:4: 49 daAuts
